 Dungeon Crawl Stone Soup version 0.27.1-1-g398f81649c (webtiles) character file.

Game seed: 3747934769528346369

1605 MisterFreud the Shield-Bearer (level 8, -2/67 HPs)
             Began as a Gnoll Fighter on Sept 8, 2021.
             Was a Follower of Vehumet.
             Slain by Duvessa (7 damage)
             ... on level 6 of the Dungeon.
             The game lasted 00:08:09 (6817 turns).

MisterFreud the Shield-Bearer (Gnoll Fighter)       Turns: 6817, Time: 00:08:09

Health: -2/67      AC:  9    Str: 22    XL:     8   Next: 94%
Magic:  13/13      EV:  9    Int: 10    God:    Vehumet [*.....]
Gold:   384        SH: 11    Dex: 11    Spells: 14/14 levels left

rFire    + + .     SeeInvis .   a - +0 rapier
rCold    . . .     Faith    .   c - +0 kite shield
rNeg     . . .     Spirit   .   b - +0 scale mail
rPois    .         Reflect  .   (no helmet)
rElec    .         Harm     .   (no cloak)
rCorr    .         Rampage  .   q - +0 pair of gloves
Will     .....                  (no boots)
Stlth    +.........             (no amulet)
HPRegen  0.21/turn              g - ring of protection from fire
MPRegen  0.13/turn              l - +6 ring of strength

@: lethally poisoned (-2 -> -16), attractive
A: fangs 1, strong nose, distributed training, deterioration 1, fire resistance
1
a: Renounce Religion


You were on level 6 of the Dungeon.
You worshipped Vehumet.
Vehumet was aware of your devotion.
You visited 1 branch of the dungeon, and saw 7 of its levels.

You collected 384 gold pieces.

Inventory:

Hand Weapons
 a - a +0 rapier (weapon)
Missiles
 x - a boomerang (quivered)
Armour
 b - a +0 scale mail (worn)
 c - a +0 kite shield (worn)
 q - a +0 pair of gloves (worn)
Jewellery
 g - a ring of protection from fire (left hand)
 h - a ring of flight
 l - a +6 ring of strength (right hand)
 p - a +6 ring of strength
Wands
 n - a wand of acid (5)
 s - a wand of charming (5)
 u - a wand of iceblast (7)
Scrolls
 e - 3 scrolls of immolation {unknown}
 f - 3 scrolls of summoning
 i - 2 scrolls of teleportation {unknown}
 o - 4 scrolls of identify {unknown}
 r - 2 scrolls of enchant weapon {unknown}
 w - 3 scrolls of brand weapon {unknown}
 y - a scroll of fear {unknown}
 A - a scroll of noise {unknown}
Potions
 d - a potion of might
 j - a potion of cancellation {unknown}
 k - a potion of mutation
 m - 2 potions of attraction
 t - 2 potions of curing {unknown}
 v - a potion of haste
 z - a potion of lignification {unknown}


   Skills:
 + Level 7.6 Fighting
 + Level 6.0 Short Blades
 + Level 3.7 Long Blades
 + Level 3.7 Axes
 + Level 3.7 Maces & Flails
 + Level 3.7 Polearms
 + Level 3.7 Staves
 + Level 3.7 Slings
 + Level 3.7 Bows
 + Level 3.7 Crossbows
 + Level 3.7 Throwing
 + Level 7.6 Armour
 + Level 3.7 Dodging
 + Level 3.7 Stealth
 + Level 7.6 Shields
 + Level 3.7 Unarmed Combat
 + Level 3.7 Spellcasting
 + Level 3.0 Conjurations
 + Level 3.0 Hexes
 + Level 3.0 Summonings
 + Level 3.0 Necromancy
 + Level 3.0 Translocations
 + Level 3.0 Transmutations
 + Level 3.0 Fire Magic
 + Level 3.0 Ice Magic
 + Level 3.0 Air Magic
 + Level 3.0 Earth Magic
 + Level 3.0 Poison Magic
 + Level 4.1 Invocations
 + Level 3.7 Evocations


You had 14 spell levels left.
You didn't know any spells.
Your spell library contained the following spells:

 Spells                   Type           Power      Damage    Failure   Level
 Shock                    Conj/Air       32%        1d5       41%         1
 Magic Dart               Conj           32%        1d4       41%         1
 Corpse Rot               Necr/Air       N/A        N/A       56%         2
 Searing Ray              Conj           16%        3d3       56%         2
 Dispel Undead            Necr           8%         3d8       99%         4
 Fulminant Prism          Conj/Hex       4%         3d6       99%         4
 Death Channel            Necr           4%         N/A       100%        6


Dungeon Overview and Level Annotations

Branches:
Dungeon (7/15)             Temple (0/1) D:5

Altars:
Dithmenos
Elyvilon
Hepliaklqana
Makhleb
Vehumet
Wu Jian

Annotations:
D:6 Duvessa


Innate Abilities, Weirdness & Mutations

You have very sharp teeth.
Your uncanny sense of smell can sniff out nearby items.
Your experience applies equally to all skills.
Your body sometimes deteriorates upon taking damage.
Your flesh is heat resistant. (rF+)


Message History

Dowan is severely wounded.
The bolt of acid hits Duvessa!
Duvessa is splashed with acid!
The acid corrodes Duvessa!
Duvessa is severely wounded.
You feel sick.
Duvessa drinks a potion.
Duvessa is healed!
You block Dowan's attack.
Unknown command.
Unknown command.
Unknown command.
Aiming: Corrosive Bolt
Press: ? - help, Shift-Dir - straight line, f/p - Dowan
Aim: Dowan, wielding a +0 vampiric dagger and wearing a +0 robe (severely wounded, covered in acid, 64% to hit)
The bolt of acid hits Dowan!
Dowan is splashed with acid.
You kill Dowan!
Vehumet accepts your kill.
Duvessa weeps, then rights herself and shakes her weapon.
Duvessa goes berserk!
The bolt of acid misses Duvessa.
You feel sick.
Duvessa hits you with a +6 short sword of venom!
You are lethally poisoned!
Your Short Blades skill increases to level 6!
Unknown command.
Unknown command.
Unknown command.
Okay, then.
Unknown command.
* * * LOW HITPOINT WARNING * * *
You feel very sick.
It was a potion of attraction.
You feel attractive to monsters.
* * * LOW HITPOINT WARNING * * *
You feel very sick. You block Duvessa's attack. Duvessa barely misses you.
There are no items here.
Unknown command.
It was a potion of mutation.
You feel extremely strange.
You feel yourself wasting away.
You feel resistant to heat.
* * * LOW HITPOINT WARNING * * *
You feel very sick.
Duvessa hits you with a +6 short sword of venom!
You die...

##.........#
######..........#
#...............#
##....#..#.#######
...#####...#
....).....### #
.######...>.######
.# ##
###..$..)e.#..# #
##....###@...#
#.......#.....#
#.......##...##
#.......# ...#
#.......# ...#
.........# ..##
###.###.... ..# #.
#..###..# # #..# ∆


You could see Duvessa (berserk, corroded).

Vanquished Creatures
  Edmund (D:6)
  4 black bears
  2 ogres
  A necrophage (D:6)
  5 scorpions (D:5)
  A water moccasin zombie (D:6)
  Dowan (D:6)
  A wyvern skeleton (D:6)
  A water moccasin skeleton (D:4)
  A bullfrog zombie (D:6)
  A jelly (D:5)
  An iguana (D:5)
  An orc wizard (D:5)
  A scorpion zombie (D:5)
  A killer bee zombie (D:6)
  A howler monkey zombie (D:7)
  7 gnolls (D:3)
  8 adders
  A worm (D:3)
  A dart slug (D:1)
  5 orcs
  9 ball pythons
  2 endoplasms
  9 giant cockroaches
  10 goblins
  5 hobgoblins
  8 jackals
  7 kobolds
  7 quokkas
  5 bats
  5 frilled lizards
  6 rats
119 creatures vanquished.

Vanquished Creatures (collateral kills)
  An orc wizard (D:6)
  2 orcs (D:6)
3 creatures vanquished.

Grand Total: 122 creatures vanquished

Notes
Turn   | Place    | Note
-------+----------+-------------------------------------------
     0 | D:1      | MisterFreud the Gnoll Fighter began the quest for the Orb.
     0 | D:1      | Reached XP level 1. HP: 23/23 MP: 1/1
   157 | D:1      | Reached XP level 2. HP: 27/29 MP: 2/2
   581 | D:1      | Reached XP level 3. HP: 30/35 MP: 3/3
  1083 | D:2      | Reached skill level 1 in Invocations
  1352 | D:2      | Reached skill level 1 in Long Blades
  1352 | D:2      | Reached skill level 1 in Axes
  1352 | D:2      | Reached skill level 1 in Maces & Flails
  1352 | D:2      | Reached skill level 1 in Polearms
  1352 | D:2      | Reached skill level 1 in Staves
  1352 | D:2      | Reached skill level 1 in Slings
  1352 | D:2      | Reached skill level 1 in Bows
  1352 | D:2      | Reached skill level 1 in Crossbows
  1352 | D:2      | Reached skill level 1 in Throwing
  1352 | D:2      | Reached skill level 1 in Dodging
  1352 | D:2      | Reached skill level 1 in Stealth
  1352 | D:2      | Reached skill level 1 in Unarmed Combat
  1352 | D:2      | Reached skill level 1 in Spellcasting
  1352 | D:2      | Reached skill level 1 in Evocations
  1497 | D:2      | Reached XP level 4. HP: 31/41 MP: 5/5
  2194 | D:3      | Reached skill level 1 in Conjurations
  2194 | D:3      | Reached skill level 1 in Hexes
  2194 | D:3      | Reached skill level 1 in Summonings
  2194 | D:3      | Reached skill level 1 in Necromancy
  2194 | D:3      | Reached skill level 1 in Translocations
  2194 | D:3      | Reached skill level 1 in Transmutations
  2194 | D:3      | Reached skill level 1 in Fire Magic
  2194 | D:3      | Reached skill level 1 in Ice Magic
  2194 | D:3      | Reached skill level 1 in Air Magic
  2194 | D:3      | Reached skill level 1 in Earth Magic
  2194 | D:3      | Reached skill level 1 in Poison Magic
  2229 | D:3      | Found a hazy altar of Hepliaklqana.
  2438 | D:3      | Found a shadowy altar of Dithmenos.
  2647 | D:3      | Reached XP level 5. HP: 38/47 MP: 5/7
  2750 | D:3      | Found a faded altar of an unknown god.
  3431 | D:3      | Found a burning altar of Makhleb.
  3641 | D:4      | Noticed a black bear
  3675 | D:3      | Killed a black bear
  3676 | D:3      | Reached XP level 6. HP: 43/53 MP: 8/8
  3835 | D:4      | Noticed a black bear
  3846 | D:4      | Killed a black bear
  3847 | D:4      | Reached skill level 5 in Short Blades
  3951 | D:3      | Became a worshipper of Vehumet
  3951 | D:3      | Reached * piety under Vehumet
  3951 | D:3      | Offered knowledge of Shock by Vehumet.
  4079 | D:4      | Reached XP level 7. HP: 58/59 MP: 10/10
  4295 | D:4      | Found a white marble altar of Elyvilon.
  4405 | D:5      | Entered Level 5 of the Dungeon
  4623 | D:5      | Identified the +0 leather armour "Yfoteus" {rF- Str+5
                  | Dex+4}
  4744 | D:5      | Found a staircase to the Ecumenical Temple.
  4877 | D:5      | Found an ornate altar of the Wu Jian Council.
  5207 | D:5      | Noticed a two-headed ogre
  5461 | D:5      | Reached XP level 8. HP: 67/67 MP: 12/12
  6258 | D:6      | Noticed Edmund
  6754 | D:6      | Killed Edmund
  6796 | D:6      | Noticed Dowan
  6801 | D:6      | Noticed Duvessa
  6814 | D:6      | Killed Dowan
  6817 | D:6      | Gained mutation: Your body sometimes deteriorates upon
                  | taking damage. [potion of mutation]
  6817 | D:6      | Gained mutation: Your flesh is heat resistant. (rF+)
                  | [potion of mutation]
  6817 | D:6      | Slain by Duvessa

Illustrated notes

Levels and vault maps discovered:
D:1:      giann_bridges, layout_basic
D:2:      layout_basic, minmay_worlds_worst_comb
D:3:      layout_basic, nicolae_dithmenos_shadow_blocks, lemuel_tele_altar,
          amcnicky_altar_gilded, shapermc_ecumenical_altar_mp_highgroup
D:4:      layout_rooms, elyvilon_altar_1
D:5:      layout_basic, nicolae_wu_jian_immortal_techniques, temple_hall
D:6:      layout_rooms, mainiacjoe_overflow_surrounded_room, uniq_grinder,
          uniq_edmund, uniq_duvessa
D:7:      layout_basic

Skill      XL: |  1  2  3  4  5  6  7  8 |
---------------+-------------------------+-----
Invocations    | 1 2 3 4 |  4.1
Long Blades    | 1 2 3 |  3.7
Axes           | 1 2 3 |  3.7
Maces & Flails | 1 2 3 |  3.7
Polearms       | 1 2 3 |  3.7
Staves         | 1 2 3 |  3.7
Slings         | 1 2 3 |  3.7
Bows           | 1 2 3 |  3.7
Crossbows      | 1 2 3 |  3.7
Throwing       | 1 2 3 |  3.7
Dodging        | 1 2 3 |  3.7
Stealth        | 1 2 3 |  3.7
Unarmed Combat | 1 2 3 |  3.7
Spellcasting   | 1 2 3 |  3.7
Evocations     | 1 2 3 |  3.7
Conjurations   | 1 2 3 |  3.0
Hexes          | 1 2 3 |  3.0
Summonings     | 1 2 3 |  3.0
Necromancy     | 1 2 3 |  3.0
Translocations | 1 2 3 |  3.0
Transmutations | 1 2 3 |  3.0
Fire Magic     | 1 2 3 |  3.0
Ice Magic      | 1 2 3 |  3.0
Air Magic      | 1 2 3 |  3.0
Earth Magic    | 1 2 3 |  3.0
Poison Magic   | 1 2 3 |  3.0
Short Blades   | 5 6 |  6.0
Fighting       | 7 |  7.6
Armour         | 7 |  7.6
Shields        | 7 |  7.6

Action                   |  1- 3 |  4- 6 |  7- 9 || total
-------------------------+-------+-------+-------++-------
Melee: Rapier            |   160 |   165 |   190 ||   515
       Bite              |     8 |    18 |    32 ||    58
Throw: Boomerang         |       |       |    12 ||    12
Evoke: Wand              |       |       |     5 ||     5
  Use: Scroll            |       |     1 |       ||     1
       Potion            |       |       |     2 ||     2
 Stab: Distracted        |       |       |     1 ||     1
Armor: Scale mail        |    76 |    68 |    66 ||   210
Dodge: Dodged            |    38 |    51 |    55 ||   144
Block: Kite shield       |    91 |   119 |   127 ||   337
